 Dungeon Crawl Stone Soup version 0.30-a0-965-g42e074c17a (webtiles) character file.

Game seed: 16094923768853675353

179 cforsyth the Cudgeller (level 5, -5/38 (43) HPs)
             Began as a Formicid Fighter on Mar 31, 2023.
             Was an Initiate of Ru.
             Slain by a wight
             ... wielding a +3 scimitar
              (10 damage)
             ... on level 3 of the Dungeon.
             The game lasted 00:03:00 (3184 turns).

cforsyth the Cudgeller (Formicid Fighter)           Turns: 3184, Time: 00:03:00

HP:   -5/38 (43)    AC:  8    Str: 22    XL:     5   Next: 90%
MP:   5/5           EV:  9    Int:  8    God:    Ru [......]
Gold: 188           SH:  5    Dex: 13    Spells: 4/4 levels left

rFire   . . .      SeeInvis +    a - +0 flail
rCold   . . .      Faith    .    c - +0 buckler
rNeg    . . .      Spirit   .    b - +0 scale mail
rPois   .          Reflect  .    (helmet unavailable)
rElec   .          Rampage  .    (no cloak)
rCorr   .                        (no gloves)
Will    .....                    o - +0 pair of boots Stlth
                                 (no amulet)
HPRegen 0.26/turn                (no ring)
MPRegen 0.09/turn                (no ring)

@: heavily drained
A: permanent stasis, dig shafts and tunnels, antennae 3, four strong arms
a: Dig, Shaft Self, Renounce Religion


You were on level 3 of the Dungeon.
You worshipped Ru.
Ru was noncommittal.
You visited 1 branch of the dungeon, and saw 4 of its levels.

You collected 188 gold pieces.

Inventory:

Hand Weapons
 a - a +0 flail (weapon)
Armour
 b - a +0 scale mail (worn)
 c - a +0 buckler (worn)
 o - a +0 pair of boots (worn)
Jewellery
 e - a ring of flight
 h - a ring of poison resistance
 u - an amulet of faith
Wands
 n - a wand of roots (2)
Scrolls
 g - 8 scrolls of identify {unknown}
 i - 2 scrolls of noise {unknown}
 j - 2 scrolls of enchant armour {unknown}
 k - a scroll of amnesia {unknown}
 l - 2 scrolls of enchant weapon {unknown}
 m - a scroll of vulnerability {unknown}
 q - a scroll of magic mapping {unknown}
 s - a scroll of silence {unknown}
Potions
 d - a potion of might
 f - 2 potions of mutation {unknown}
 p - 3 potions of heal wounds {unknown}
 r - 2 potions of lignification {unknown}
 t - a potion of flight {unknown}


   Skills:
 + Level 4.6 Fighting
 * Level 4.7 Maces & Flails
 - Level 3.2 Armour
 - Level 4.0 Shields


You had 4 spell levels left.
You didn't know any spells.
Your spell library contained the following spells:

 Spells                   Type           Power      Damage    Failure   Level
 Summon Lightning Spire   Summ/Air       0%         N/A       100%        4
 Storm Form               Tmut/Air       0%         N/A       100%        7
 Maxwell's Capacitive Co  Air            0%         ∞         100%        8


Dungeon Overview and Level Annotations

Branches:
Dungeon (4/15)
 Temple: D:4-7

Altars:
Ru

Shops:
D:2 !


Innate Abilities, Weirdness & Mutations

You cannot be hasted, slowed, berserked, paralysed or teleported.
You can dig through walls and to a lower floor.
You have a pair of large antennae on your head. (SInv)
Your four strong arms can wield two-handed weapons with a shield.


Message History

You hear the sound of rushing water.
There is an entrance to a sewer on this level.
Hurry and find it before the portal rusts away!
You hear the slow rusting of a drain nearby.
The orc closely misses you. The wight hits you with a +3 scimitar!
The wight hits you with a +2 heavy mace.
You feel drained.
There is a stone staircase leading up here.
The orc hits you but does no damage. The wight hits you with a +3 scimitar!
You feel drained. The wight closely misses you.
You climb upwards.
There is a stone staircase leading down here.
You sock the orc!
You kill the orc!
The wight barely misses you. The wight attacks as you move away!
The wight hits you with a +2 heavy mace!
* * * LOW HITPOINT WARNING * * *
The wight attacks as you move away! The wight hits you with a +3 scimitar.
* * * LOW HITPOINT WARNING * * *
You feel drained.
* * * LOW HITPOINT WARNING * * *
Items here: )) [ †.
Unknown command.
Okay, then.
Aiming: Fastroot
Press: ? - help, Shift-Dir - straight line The roots erupt in riotous growth!
Roots grab the wight. x2
The grasping roots constrict the wight. x2; You block the wight's attack.
The wight struggles to escape constriction.
The grasping roots constrict the wight, but do no damage.
The grasping roots constrict the wight.
The roots release their grip on the wight. x2
Aiming: Fastroot
Press: ? - help, Shift-Dir - straight line The roots erupt in riotous growth!
Roots grab the wight. x2
The grasping roots constrict the wight!
The grasping roots constrict the wight.
The wight hits you with a +3 scimitar!
You die...

...# #.### #..#.......#..#...#
...# #.# ###..#.#............<
##.#####.# #.........#....##...#
#.......# #.#.....).#..#......#
############.##....###..####....
#.......#.# #...|..†###
#.........####.###### #
#.......####.....# # #.....@.#
#.....# #.....z.# #.....# ####
#.....z.# #.....# #... #.......#
#.....# #.## #.......# #######
#.# #.##)##.# #.## #.##>##.####
######... #.##.......#
##...####.
#.#####.##.###.....###.


You could see 2 wights.

Vanquished Creatures
  A wight (D:3)
  A hound skeleton (D:2)
  3 gnolls (D:2)
  3 adders
  A worm (D:2)
  An orc (D:3)
  2 bats
  2 bat skeletons (D:2)
  A bat zombie (D:2)
  6 endoplasms
  6 giant cockroaches
  A goblin (D:2)
  4 hobgoblins
  A jackal (D:2)
  A quokka (D:1)
  7 ball pythons
  2 ball python skeletons (D:2)
  A frilled lizard (D:1)
  A giant cockroach zombie (D:2)
  8 kobolds
  3 rats
56 creatures vanquished.

Vanquished Creatures (others)
  3 withered plants (D:2)
3 creatures vanquished.

Grand Total: 59 creatures vanquished

Notes
Turn   | Place    | Note
-------+----------+-------------------------------------------
     0 | D:1      | cforsyth the Formicid Fighter began the quest for the Orb.
     0 | D:1      | Reached XP level 1. HP: 18/18 MP: 1/1
   152 | D:1      | Reached XP level 2. HP: 22/24 MP: 2/2
  1023 | D:2      | Found Adwiatud's Distillery.
  1131 | D:2      | Reached XP level 3. HP: 29/29 MP: 3/3
  1392 | D:2      | Identified the +1 leather armour of the Hart {Regen+ Str-4
                  | Int+2}
  1447 | D:2      | Found a sacrificial altar of Ru.
  1601 | D:2      | Found a faded altar of an unknown god.
  1681 | D:2      | Reached XP level 4. HP: 37/37 MP: 4/4
  2112 | D:2      | Became a worshipper of Ru the Awakened
  2267 | D:2      | Reached XP level 5. HP: 42/42 MP: 5/5
  3184 | D:3      | Slain by a wight

Illustrated notes

Levels and vault maps discovered:
D:1:      dpeg_arrival_arbitrary_a, layout_basic
D:2:      minmay_chambers_of_twos, layout_loops_corners, serial_shops, shop,
          serial_undead, serial_undead_f, serial_undead_b, serial_undead_b,
          serial_undead_a, basic_altar, chequers_ecumenical_altar_island,
          nicolae_figureground_pulse
D:3:      layout_loops_cross
D:4:      layout_basic, cheibrodos_worm_habitat, gup_sewer_entry_bubbles

Skill      XL: |  1  2  3  4 |
---------------+-------------+-----
Maces & Flails | 3 4 |  4.7
Fighting       | 4 |  4.6
Armour         | |  3.2
Shields        | |  4.0

Action                     |  1- 3 |  4- 6 || total
---------------------------+-------+-------++-------
  Melee: Flail             |   115 |    61 ||   176
  Evoke: Wand              |       |     2 ||     2
 Armour: Scale mail        |    47 |    16 ||    63
  Dodge: Dodged            |    69 |    40 ||   109
  Block: Buckler           |    31 |    19 ||    50

Table legend: (Time is in decaauts)
 A = Elapsed time spent in this place.
 B = Non-inter-level travel time spent in this place.
 C = Inter-level travel time spent in this place.
 D = Time resting spent in this place.
 E = Time spent auto-exploring this place.
 F = Levels seen in this place.
 G = Mean time per level.
                   A        B        C        D        E       F      G
               +--------+--------+--------+--------+--------+-----+--------+
         Total |   3236 |   3091 |    145 |    146 |   2429 |   4 |  809.0 |
       Dungeon |   3236 |   3091 |    145 |    146 |   2429 |   4 |  809.0 |
               +--------+--------+--------+--------+--------+-----+--------+

Top non-repeatable levels by time:
     D:2: 1448 daAuts
     D:1: 1039 daAuts
     D:3: 742 daAuts
     D:4: 5 daAuts
